 Dungeon Crawl Stone Soup version 0.21-a0-531-gacddea6 (webtiles) character file.

974 KeeTraxx the Insei (level 8, -1/42 HPs)
             Began as a Vine Stalker Transmuter on Dec 12, 2017.
             Slain by a centaur (4 damage)
             ... on level 5 of the Dungeon.
             The game lasted 00:13:23 (4023 turns).

KeeTraxx the Insei (Vine Stalker Transmuter)        Turns: 4023, Time: 00:13:24

Health: -1/42      AC:  3    Str: 12    XL:     8   Next: 16%
Magic:  0/12       EV: 12    Int: 15    God:
Gold:   177        SH:  0    Dex: 19    Spells: 8/11 levels left

rFire    . . .     SeeInvis .   o - +3 whip (elec)
rCold    . . .     Gourm    .   (no shield)
rNeg     . . .     Faith    .   x - +0 leather armour
rPois    .         Spirit   +   (no helmet)
rElec    .         Reflect  .   (no cloak)
rCorr    .         Harm     .   (no gloves)
MR       +....                  (no boots)
Stlth    +.........             (no amulet)
HPRegen  0.54/turn              C - +3 ring of dexterity
MPRegen  0.13/turn              v - ring of wizardry

@: no status effects
A: fangs 3, regeneration 1, magic shield, antimagic bite, no potion heal 3, rot
immunity
a: no special abilities


You were on level 5 of the Dungeon.
You were not hungry.

You visited 1 branch of the dungeon, and saw 5 of its levels.

You collected 177 gold pieces.

Inventory:

Hand Weapons
 e - a +1 short sword of venom
 o - a +3 whip of electrocution (weapon)
Missiles
 a - 67 arrows
 l - 104 stones
 r - 5 poisoned tomahawks (quivered)
Armour
 b - a +0 robe
 n - a +0 pair of gloves
 x - a +0 leather armour (worn)
 B - a +0 helmet
Jewellery
 s - an uncursed ring of positive energy
 v - a ring of wizardry (right hand)
 C - a +3 ring of dexterity (left hand)
 D - an uncursed amulet of faith {unknown}
Wands
 A - a wand of iceblast (2)
Scrolls
 g - a scroll of noise
 k - a scroll of magic mapping {unknown}
 p - a scroll of fog {unknown}
 q - 3 scrolls of identify {unknown}
 u - a scroll of teleportation
 w - 2 scrolls of remove curse {unknown}
 y - a scroll of enchant armour {unknown}
Potions
 f - 2 potions of haste {unknown}
 h - a potion of might {unknown}
 i - a potion of lignification {unknown}
 m - 3 potions of heal wounds {unknown}
 z - 2 potions of agility {unknown}
Books
 c - a book of Changes

   Spells                             Type                      Level
   a - Beastly Appendage              Transmutation                1
   b - Sticks to Snakes               Transmutation                2
   c - Spider Form                    Transmutation/Poison         3
   d - Ice Form                       Ice/Transmutation            4
   e - Blade Hands                    Transmutation                5
Comestibles
 d - 2 bread rations
 j - 4 meat rations
 t - a royal jelly
 E - a chunk of flesh


   Skills:
 + Level 3.7 Fighting
 - Level 1.5 Dodging
 + Level 6.7 Unarmed Combat
 - Level 2.1 Spellcasting
 + Level 5.8 Transmutations


You had 8 spell levels left.
You knew the following spells:

 Your Spells              Type           Power        Failure   Level  Hunger
a - Beastly Appendage     Tmut           ###...       1%          1    #......
b - Sticks to Snakes      Tmut           ###.....     1%          2    ###....


Dungeon Overview and Level Annotations

Branches:
Dungeon (5/15)
 Temple: D:4-7

Altars:
Cheibriados
Dithmenos
Gozag
Hepliaklqana
Qazlal
Yredelemnul
Zin

Annotations:
D:4 Amnesiac's ghost, amateur DEAM


Innate Abilities, Weirdness & Mutations

You have razor-sharp teeth.
Your natural rate of healing is unusually fast.
When hurt, damage is shared between your health and your magic reserves.
Your bite disrupts and absorbs the magic of your enemies.
Potions cannot restore your health.
You are immune to rotting.


Message History

The centaur closely misses you. x2
Found a hazy altar of Hepliaklqana.
You barely miss the centaur. The centaur hits you.
* * * LOW HITPOINT WARNING * * *
You closely miss the centaur. You bite the centaur. You drain its power.
You feel invigorated.
The centaur is lightly wounded.
The centaur hits you.
* * * LOW HITPOINT WARNING * * *
The centaur closely misses you.
You hit the centaur. Your bite misses the centaur.
The centaur is moderately wounded.
The centaur hits you.
* * * LOW HITPOINT WARNING * * *
You hit the centaur. You bite the centaur, but do no damage.
The centaur is severely wounded.
The centaur hits you.
* * * LOW HITPOINT WARNING * * *
The centaur hits you!
You die...

##.# #.##.#... ##...##
#.##.# ....... #.##.#
.......## #.##.#####...
........# #.##........#
_..⌠.._.####.#...#####.#
..........(............#
........(###.......#####
.......@.............#
##...#c..###....[>.#.#
### #..## ##.....##.#
#..# ##...###.# ...#
##.## #.# ###.# #.# #.#
#.# #. #.# #.# #.# #.#


You could see a centaur.

Vanquished Creatures
  Sigmund (D:3)
  2 scorpions
  A crimson imp (D:5)
  3 orc priests
  A bullfrog skeleton (D:5)
  A hound (D:4)
  7 orc wizards
  A centaur skeleton (D:4)
  An iguana (D:4)
  3 worker ants
  Robin (D:4)
  6 adders
  A howler monkey skeleton (D:4)
  A shadow imp (D:5)
  2 oozes
  2 worms
  3 dart slugs (D:2)
  7 leopard geckos
  15 orcs
  7 bats
  9 giant cockroaches
  7 goblins
  12 hobgoblins
  12 jackals
  2 frilled lizards
  8 kobolds
  7 rats
123 creatures vanquished.

Notes
Turn   | Place    | Note
-------+----------+-------------------------------------------
     0 | D:1      | KeeTraxx the Vine Stalker Transmuter began the quest for the Orb.
     0 | D:1      | Reached XP level 1. HP: 9/9 MP: 4/4
    56 | D:1      | Reached XP level 2. HP: 14/14 MP: 6/6
   520 | D:2      | Found a shadowy altar of Dithmenos.
   522 | D:2      | Reached skill level 1 in Fighting
   522 | D:2      | Reached XP level 3. HP: 18/18 MP: 5/7
   748 | D:2      | Reached skill level 4 in Unarmed Combat
   752 | D:2      | Found an opulent altar of Gozag.
  1258 | D:2      | Gained mutation: Your natural rate of healing is unusually fast. [Vine Stalker growth]
  1258 | D:2      | Reached XP level 4. HP: 21/22 MP: 8/8
  1787 | D:3      | Reached XP level 5. HP: 14/25 MP: 4/9
  1788 | D:3      | Reached skill level 5 in Unarmed Combat
  1864 | D:3      | Learned a level 2 spell: Sticks to Snakes
  1865 | D:3      | Noticed Sigmund
  1930 | D:3      | Killed Sigmund
  1930 | D:3      | Reached XP level 6. HP: 23/30 MP: 5/10
  2009 | D:3      | Found a stormy altar of Qazlal.
  2052 | D:3      | Reached skill level 6 in Unarmed Combat
  2053 | D:3      | Reached XP level 7. HP: 22/35 MP: 3/11
  2722 | D:4      | Found a snail-covered altar of Cheibriados.
  2812 | D:4      | Reached skill level 5 in Transmutations
  2909 | D:4      | Noticed Robin
  2946 | D:4      | Killed Robin
  3047 | D:4      | Noticed Amnesiac's ghost (amateur DEAM)
  3262 | D:4      | Found a basalt altar of Yredelemnul.
  3434 | D:5      | Entered Level 5 of the Dungeon
  3443 | D:5      | Gained mutation: You have razor-sharp teeth. [Vine Stalker growth]
  3443 | D:5      | Reached XP level 8. HP: 18/40 MP: 6/12
  3653 | D:4      | Found a basalt altar of Yredelemnul.
  3724 | D:4      | Found a snail-covered altar of Cheibriados.
  4009 | D:5      | Found a glowing silver altar of Zin.
  4019 | D:5      | Found a hazy altar of Hepliaklqana.
  4023 | D:5      | Slain by a centaur

Vault maps used:
D:1:      lightli_arrival_maybe_door_vault
D:2:      minmay_kobold_bridge, nicolae_dithmenos_through_a_glass_darkly,
          lemuel_coloured_pillars_altar, minmay_hedge_maze,
          minmay_misc_feat_tower
D:3:      grunt_qazlal_clouds, first_bread, kennysheep_generic_room_9,
          uniq_sigmund
D:4:      cheibriados_altar_1, yredelemnul_altar_generic,
          mrwooster_statue_mirror, uniq_robin
D:5:      nemelex_xobeh_ov_fountains_minmay, grunt_temple_overflow_open,
          temple_pool_b, portal_sewer_entry_a

Skill      XL: |  1  2  3  4  5  6  7 |
---------------+----------------------+-----
Fighting       | 1 2 3 |  3.7
Unarmed Combat | 4 5 6 |  6.7
Transmutations | 3 4 5 |  5.8
Dodging        | |  1.5
Spellcasting   | |  2.1

Action                   |  1- 3 |  4- 6 |  7- 9 || total
-------------------------+-------+-------+-------++-------
Melee: Unarmed           |    53 |       |       ||    53
       Bite              |    13 |    14 |    52 ||    79
       Punch             |     1 |       |     3 ||     4
       Kick              |     8 |     2 |    16 ||    26
       Headbutt          |     5 |     3 |    14 ||    22
       Whip              |    25 |    51 |   164 ||   240
Throw: Tomahawk          |       |     4 |       ||     4
 Cast: Beastly Appendage |    16 |     9 |    22 ||    47
       Sticks to Snakes  |       |     1 |       ||     1
  Use: Scroll            |     6 |       |       ||     6
       Potion            |     3 |       |       ||     3
 Stab: Sleeping          |     1 |       |       ||     1
  Eat: Chunk             |     1 |     3 |     7 ||    11
Armor: Robe              |    18 |     3 |     5 ||    26
       Leather armour    |       |       |    15 ||    15
Dodge: Dodged            |    54 |    29 |   105 ||   188

Table legend:
 A = Spawn XP
 B = Non-spawn XP
 C = Spawn XP percentage of total XP
 D = Spawn monster count
 E = Non-spawn monster count
 F = Spawn count percentage of total count
 G = Total turns spent on level
                    A         B        C        D         E        F      G
               +---------+---------+-------+---------+---------+-------+---------
         Total |       0 |    1392 |   0.0 |       0 |     123 |   0.0 |  4023
               +---------+---------+-------+---------+---------+-------+---------
           D:1 |       0 |      33 |   0.0 |       0 |      20 |   0.0 |   491
           D:2 |       0 |      78 |   0.0 |       0 |      23 |   0.0 |  1232
           D:3 |       0 |     578 |   0.0 |       0 |      33 |   0.0 |   828
           D:4 |       0 |     477 |   0.0 |       0 |      38 |   0.0 |  1342
           D:5 |       0 |     226 |   0.0 |       0 |       9 |   0.0 |   130
               +---------+---------+-------+---------+---------+-------+---------
